 Dungeon Crawl Stone Soup version 0.29-a0-356-g7bc237e783 (webtiles) character file.

Game seed: 10125542833223576935

27 jlumianski the Skirmisher (level 2, -1/24 HPs)
             Began as a Demonspawn Fighter on Apr 26, 2022.
             Shot with a sling bullet by a goblin (3 damage)
             ... on level 2 of the Dungeon.
             The game lasted 00:02:39 (861 turns).

jlumianski the Skirmisher (Demonspawn Fighter)       Turns: 861, Time: 00:02:40

Health: -1/24      AC:  6    Str: 16    XL:     2   Next: 93%
Magic:  2/2        EV:  8    Int:  9    God:
Gold:   29         SH:  4    Dex: 12    Spells: 1/1 levels left

rFire   . . .      SeeInvis +   a - +0 rapier
rCold   . . .      Faith    .   c - +0 buckler
rNeg    . . .      Spirit   .   b - +0 scale mail
rPois   .          Reflect  .   (no helmet)
rElec   .          Harm     .   (no cloak)
rCorr   .          Rampage  .   (no gloves)
Will    .....                   (no boots)
Stlth   ..........              (no amulet)
HPRegen 0.08/turn               h - ring of see invisible
MPRegen 0.08/turn               (no ring)

@: mighty
A: powered by pain 1
a: no special abilities


You were on level 2 of the Dungeon.
You visited 1 branch of the dungeon, and saw 2 of its levels.

You collected 29 gold pieces.

Inventory:

Hand Weapons
 a - a +0 rapier (weapon)
Missiles
 e - 51 stones
 i - 6 poisoned darts (quivered)
Armour
 b - a +0 scale mail (worn)
 c - a +0 buckler (worn)
Jewellery
 h - a ring of see invisible (left hand)
Scrolls
 f - a scroll of identify {unknown}
 g - a scroll of amnesia {unknown}
 j - a scroll of immolation {unknown}
Potions
 k - a potion of invisibility {unknown}


   Skills:
 + Level 3.4 Fighting
 + Level 2.0 Short Blades
 + Level 3.1 Armour
 + Level 0.2 Dodging
 + Level 2.8 Shields


You had one spell level left.
You didn't know any spells.
Your spell library was empty.

Dungeon Overview and Level Annotations

Branches:
Dungeon (1/15)

Altars:


Innate Abilities, Weirdness & Mutations

You sometimes gain a little power by taking damage.


Message History

Found 13 stones.
A frilled lizard comes into view.
The frilled lizard hisses angrily.
You see here a fizzy golden potion.
k - a fizzy golden potion A hobgoblin comes into view.
The hobgoblin shouts!
The kobold attacks as you move away! You block the kobold's attack.
The kobold attacks as you move away! The kobold hits you but does no damage.
The frilled lizard bites you but does no damage.
The kobold attacks as you move away! The kobold hits you but does no damage.
The frilled lizard barely misses you.
A goblin comes into view. It is wielding a +0 dagger.
You see here a hobgoblin corpse.
You closely miss the frilled lizard.
The goblin shouts!
The frilled lizard bites you.
The goblin unwields a +0 dagger.
The goblin wields a +0 hunting sling.
The goblin shoots a sling bullet.
The sling bullet hits you. The frilled lizard bites you.
You closely miss the frilled lizard. The frilled lizard misses you.
The goblin shoots a sling bullet.
The sling bullet closely misses you.
The sling bullet misses the frilled lizard.
You barely miss the frilled lizard. The frilled lizard bites you.
* * * LOW HITPOINT WARNING * * *
You barely miss the frilled lizard. The frilled lizard barely misses you.
You miss the frilled lizard. The frilled lizard barely misses you.
The goblin shoots a sling bullet.
The sling bullet hits you but does no damage.
You hit the frilled lizard.
You kill the frilled lizard!
The goblin shoots a sling bullet.
The sling bullet hits you but does no damage.
You hit the kobold but do no damage.
The kobold hits you with a +0 short sword.
* * * LOW HITPOINT WARNING * * *
You feel very mighty all of a sudden.
The kobold hits you with a +0 short sword.
* * * LOW HITPOINT WARNING * * *
The goblin shoots a sling bullet.
The sling bullet hits you.
You die...

.# .# .# .# . .###
... ... ..
.....#######.# ..(
.....g.†@Kg..# ....
......#####..##....
..... #####..#.....
..>. #............
... #............
.. #.......#.#.# #
##..........#
#...........
#...........


You could see a hobgoblin, a goblin and a kobold.

Vanquished Creatures
  An endoplasm (D:1)
  A giant cockroach (D:1)
  2 goblins (D:1)
  2 hobgoblins
  4 jackals (D:1)
  4 quokkas
  2 ball pythons (D:1)
  A bat (D:1)
  2 frilled lizards
  4 kobolds (D:1)
23 creatures vanquished.

Notes
Turn   | Place    | Note
-------+----------+-------------------------------------------
     0 | D:1      | jlumianski the Demonspawn Fighter began the quest for the
                  | Orb.
     0 | D:1      | Reached XP level 1. HP: 18/18 MP: 1/1
   200 | D:1      | Gained mutation: You sometimes gain a little power by
                  | taking damage. [demonic ancestry]
   200 | D:1      | Reached XP level 2. HP: 20/24 MP: 2/2
   808 | D:1      | You fall into a shaft and drop 1 floor!
   861 | D:2      | Shot with a sling bullet by a goblin

Illustrated notes

Levels and vault maps discovered:
D:1:      dpeg_arrival_three_same_balls, layout_rooms,
          dreamdust_ecumenical_altar_grove
D:2:      layout_basic, minmay_hexomino_u4, uniq_terence

Skill      XL: |  1  2 |
---------------+-------+-----
Armour         | 3 |  3.1
Short Blades   | 2 |  2.0
Fighting       | |  3.4
Dodging        | |  0.2
Shields        | |  2.8

Action                   || total
-------------------------++-------
Melee: Rapier            ||    89
  Use: Potion            ||     1
Armor: Scale mail        ||    40
Dodge: Dodged            ||    39
Block: Buckler           ||    25

Table legend: (Time is in decaauts)
 A = Elapsed time spent in this place.
 B = Non-inter-level travel time spent in this place.
 C = Inter-level travel time spent in this place.
 D = Time resting spent in this place.
 E = Time spent auto-exploring this place.
 F = Levels seen in this place.
 G = Mean time per level.
                   A        B        C        D        E       F      G
               +--------+--------+--------+--------+--------+-----+--------+
         Total |    873 |    873 |      0 |    204 |    362 |   2 |  436.5 |
       Dungeon |    873 |    873 |      0 |    204 |    362 |   2 |  436.5 |
               +--------+--------+--------+--------+--------+-----+--------+

Top non-repeatable levels by time:
     D:1: 818 daAuts
     D:2: 55 daAuts
